 Dungeon Crawl Stone Soup version 0.20.1-1-g8b1a95d66d (webtiles) character file.

4902 Gargoyl the Chopper (level 10, -4/83 HPs)
             Began as a Centaur Abyssal Knight on Nov 22, 2017.
             Was an Elder of Lugonu.
             Slain by a death yak (16 damage)
             ... on level 7 of the Dungeon.
             The game lasted 00:26:24 (13386 turns).

Gargoyl the Chopper (Centaur Abyssal Knight)       Turns: 13386, Time: 00:26:25

Health: -4/83      AC: 21    Str: 16    XL:     10   Next: 27%
Magic:  15/15      EV:  1    Int: 11    God:    Lugonu [****..]
Gold:   473        SH:  8    Dex:  9    Spells: 9/9 levels left

rFire    + + .     SeeInvis .   F - +3 hand axe
rCold    + . .     Gourm    .   K - +0 shield
rNeg     . . .     Faith    .   d - +0 chain mail
rPois    .         Spirit   .   (no helmet)
rElec    .         Reflect  .   e - +2 cloak
rCorr    .         Harm     .   b - +0 pair of gloves
MR       +....                  E - +2 centaur barding {rC+}
Stlth    ..........             (no amulet)
Regen    0.3/turn               l - ring of protection from magic
MPRegen  0.2/turn               f - ring of protection from fire

@: very quick
A: hooves 3, clumsy 1, deformed body, fire resistance 1, speed 2, mutation
resistance 1, tough skin 3
a: Depart the Abyss, Bend Space, Banish, Corrupt, Renounce Religion


You were on level 7 of the Dungeon.
You worshipped Lugonu.
Lugonu was greatly pleased with you.
You were not hungry.

You visited 1 branch of the dungeon, and saw 8 of its levels.
You visited the Abyss 1 time.

You collected 525 gold pieces.
You spent 52 gold pieces at shops.

Inventory:

Hand Weapons
 a - a +2 hand axe
 w - a +0 hand axe of freezing
 B - a +0 broad axe
 F - a +3 hand axe (weapon)
Missiles
 h - 29 arrows
 p - 16 tomahawks (quivered)
Armour
 b - a +0 pair of gloves (worn)
 d - a +0 chain mail (worn)
 e - a +2 cloak (worn)
 E - a +2 centaur barding of cold resistance (worn)
 K - a +0 shield (worn)
Jewellery
 f - a ring of protection from fire (right hand)
 l - a ring of protection from magic (left hand)
 v - an uncursed ring of protection from cold
 J - an uncursed ring of flight
Wands
 C - a wand of paralysis (12/24)
 I - a wand of enslavement (14/24)
Scrolls
 g - 2 scrolls of identify
 k - 3 scrolls of teleportation
 q - a scroll of immolation {unknown}
 r - 2 scrolls of remove curse
 u - a scroll of fear
 x - a scroll of enchant weapon
 y - 2 scrolls of fog
Potions
 j - 6 potions of haste
 n - 2 potions of magic
 o - a potion of flight {unknown}
 t - a potion of brilliance {unknown}
 z - 3 potions of invisibility
 A - a potion of resistance {unknown}
 D - 2 potions of degeneration {unknown}
 H - a potion of lignification {unknown}
Books
 s - a book of Minor Magic

   Spells                             Type                      Level
   a - Magic Dart                     Conjuration                  1
   b - Blink                          Translocation                2
   c - Call Imp                       Summoning                    2
   d - Slow                           Hexes                        2
   e - Conjure Flame                  Conjuration/Fire             3
   f - Mephitic Cloud                 Conjuration/Poison/Air       3
Comestibles
 c - 4 bread rations
 i - 3 meat rations
 m - 12 royal jellies
 G - 10 fruits


   Skills:
 + Level 6.2 Fighting
 + Level 7.6 Axes
 + Level 0.9 Throwing
 * Level 6.5 Armour
 + Level 1.9 Dodging
 + Level 3.0 Shields
 * Level 7.1 Invocations


You had 9 spell levels left.
You didn't know any spells.

Dungeon Overview and Level Annotations

Branches:
Dungeon (8/15)             Temple (0/1) D:4
   Lair: D:8-11

Altars:
Cheibriados
Dithmenos
Okawaru
Ru
Xom

Shops:
D:5 (


Innate Abilities, Weirdness & Mutations

You have hooves in place of feet.
Armour fits poorly on your strangely shaped body.
You cover ground very quickly.
You have extremely tough skin. (AC +3)
You are clumsy. (Dex -2)
Your flesh is heat resistant. (rF+)
You are somewhat resistant to further mutation.


Message History

The death yak gores you!!
You hit the death yak but do no damage. You kick the death yak.
The death yak is moderately wounded.
You block the death yak's attack.
You hit the death yak.
The death yak is moderately wounded.
The death yak gores you but does no damage.
You hit the death yak.
The death yak is moderately wounded.
The death yak gores you!!
* * * LOW HITPOINT WARNING * * *
You hit the death yak but do no damage. You kick the death yak.
The death yak is moderately wounded.
The death yak snorts and paws the ground.
The death yak gores you!
* * * LOW HITPOINT WARNING * * *
You hit the death yak but do no damage.
The death yak is moderately wounded.
The death yak gores you!
You die...

###.######≈♣≈P≈≈≈≈≈P≈≈..#
......))<##≈≈≈≈≈♣≈≈≈≈#.##
.^....##....♣♣♣♣♣♣♣♣#..#
......#####.#♣♣♣♣♣....##
......#####.##.......##
.....................#
......#####.........##
..##### #####.....##
.#############..@Y)>.# .#
#.........#.......#
.###.........#.......#
.............##..<..##
####.........###...## #
########### ##### # # #


You could see a death yak.

Vanquished Creatures
  Joseph (D:6)
  A queen bee (D:7)
  A hippogriff (D:7)
  Grinder (D:5)
  Menkaure (D:5)
  Duvessa (D:7)
  2 sky beasts
  An ice beast (D:8)
  A necrophage (D:8)
  2 ogres
  2 centaurs
  3 big kobolds
  Dowan (D:7)
  6 bullfrogs
  4 scorpions
  A water moccasin skeleton (D:7)
  11 killer bees (D:8)
  An electric eel (D:7)
  4 howler monkeys
  2 crimson imps
  2 bullfrog zombies
  3 orc priests
  3 hounds
  An iguana (D:7)
  Natasha (D:3)
  9 orc wizards
  3 hell rats (D:7)
  5 worker ants
  A worker ant zombie (D:5)
  4 gnolls (D:5)
  14 adders
  9 river rats (D:7)
  4 shadow imps
  2 oozes
  2 adder skeletons
  2 worms
  A dart slug (D:3)
  3 leopard geckos
  33 orcs
  4 bats
  3 giant cockroaches
  7 goblins
  13 hobgoblins
  27 jackals
  15 kobolds
  12 quokkas
  4 frilled lizards
  A giant cockroach zombie (D:6)
  A leopard gecko skeleton (D:6)
  A quokka zombie (D:5)
  19 rats
256 creatures vanquished.

Vanquished Creatures (others)
  2 orc warriors
  3 killer bees (D:8)
5 creatures vanquished.

Grand Total: 261 creatures vanquished

Notes
Turn   | Place    | Note
-------+----------+-------------------------------------------
     0 | Abyss:1  | Gargoyl the Centaur Abyssal Knight began the quest for the Orb.
     0 | Abyss:1  | Reached XP level 1. HP: 19/19 MP: 2/2
    18 | Abyss:1  | Found a corrupted altar of Lugonu.
    85 | Abyss:1  | Noticed a tentacled starspawn
    93 | Abyss:1  | Noticed an apocalypse crab
    96 | Abyss:1  | Noticed a smoke demon
   122 | Abyss:1  | Noticed a red devil
   128 | Abyss:1  | Noticed an iron imp
   131 | D:1      | Escaped the Abyss
   442 | D:1      | Reached XP level 2. HP: 24/26 MP: 3/3
   573 | D:1      | Reached * piety under Lugonu
   934 | D:2      | Reached XP level 3. HP: 19/31 MP: 4/4
  1584 | D:2      | You fall through a shaft!
  1818 | D:2      | Found a shimmering altar of Xom.
  2065 | D:3      | Gained mutation: You are clumsy. (Dex -2) [potion of mutation]
  2065 | D:3      | Gained mutation: Your flesh is heat resistant. (rF+) [potion of mutation]
  2328 | D:3      | Reached XP level 4. HP: 28/40 MP: 5/5
  2446 | D:3      | Noticed Natasha
  2454 | D:3      | Killed Natasha
  2740 | D:3      | Reached XP level 5. HP: 16/46 MP: 6/6
  3606 | D:4      | Reached ** piety under Lugonu
  3901 | D:4      | Found a staircase to the Ecumenical Temple.
  4124 | D:4      | Found a sacrificial altar of Ru.
  4201 | D:4      | Reached XP level 6. HP: 44/52 MP: 6/8
  4722 | D:5      | Entered Level 5 of the Dungeon
  4722 | D:5      | Found Goutoad's Weapon Emporium.
  4748 | D:5      | Bought a +0 broad axe for 52 gold pieces
  4756 | D:5      | Noticed Menkaure
  4796 | D:5      | Killed Menkaure
  5264 | D:5      | Reached XP level 7. HP: 23/60 MP: 9/9
  5685 | D:5      | Identified a scroll of acquirement
  5824 | D:5      | Reached *** piety under Lugonu
  5869 | D:5      | Found an iron altar of Okawaru.
  6011 | D:5      | Noticed Grinder
  6048 | D:6      | Reached skill level 1 in Dodging
  6048 | D:6      | Reached skill level 1 in Shields
  6052 | D:6      | Gained mutation: You are somewhat resistant to further mutation. [mutagenic meat]
  6177 | D:5      | Paralysed by Grinder for 7 turns
  6216 | D:5      | Killed Grinder
  6677 | D:6      | Reached XP level 8. HP: 62/67 MP: 11/11
  6981 | D:6      | Reached skill level 5 in Axes
  7342 | D:7      | Noticed Joseph
  7346 | D:7      | Reached skill level 5 in Fighting
  7682 | D:6      | Reached skill level 5 in Invocations
  7694 | D:6      | Killed Joseph
  7969 | D:7      | Reached skill level 5 in Armour
  8338 | D:7      | Reached **** piety under Lugonu
  8340 | D:7      | Reached XP level 9. HP: 49/74 MP: 13/13
  8890 | D:7      | Noticed Duvessa
  8893 | D:7      | Noticed Dowan
  8907 | D:7      | Killed Duvessa
  8921 | D:7      | Killed Dowan
  9143 | D:7      | Found a shadowy altar of Dithmenos.
  9825 | D:7      | Reached ***** piety under Lugonu
 11543 | D:8      | Reached XP level 10. HP: 49/83 MP: 11/15
 11757 | D:8      | Found a snail-covered altar of Cheibriados.
 11808 | D:8      | Paralysed by a hornet for 3 turns
 13320 | D:8      | Noticed a death yak
 13386 | D:7      | Slain by a death yak

Skill      XL: |  1  2  3  4  5  6  7  8  9 10 |
---------------+-------------------------------+-----
Axes           | 2 3 4 6 7 |  7.6
Armour         | 2 3 4 5 6 |  6.5
Fighting       | 4 5 6 |  6.2
Invocations    | 3 4 5 6 7 |  7.1
Dodging        | 1 |  1.9
Shields        | 1 2 3 |  3.0
Throwing       | |  0.9

Action                   |  1- 3 |  4- 6 |  7- 9 | 10-12 || total
-------------------------+-------+-------+-------+-------++-------
Melee: Hand axe          |   109 |   179 |   694 |   164 ||  1146
       Kick              |    16 |    30 |   134 |    31 ||   211
Throw: Tomahawk          |       |     3 |    23 |     1 ||    27
Invok: Depart the Abyss  |     1 |       |       |       ||     1
       Bend Space        |       |       |     2 |       ||     2
       Banish            |       |       |     4 |       ||     4
  Use: Scroll            |     9 |     2 |     7 |     3 ||    21
       Potion            |     1 |       |     4 |     2 ||     7
 Stab: Invisible         |       |       |     2 |       ||     2
  Eat: Chunk             |     2 |     7 |    17 |     3 ||    29
       Bread ration      |       |     1 |       |     1 ||     2
Armor: Chain mail        |    80 |   193 |   630 |   115 ||  1018
Dodge: Dodged            |    22 |    52 |    60 |    10 ||   144
Block: Buckler           |       |    29 |    46 |       ||    75
       Shield            |       |       |   167 |    77 ||   244
